 Dungeon Crawl Stone Soup version 0.31-a0-348-g810772c3d7 (webtiles) character file.

Game seed: 3151170457514236283

1404 AdnanSaban the Shield-Bearer (level 8, -2/49 HPs)
             Began as a Gargoyle Fighter on July 23, 2023.
             Was a Priest of Okawaru.
             Killed from afar by a steam dragon (8 damage)
             ... with a ball of steam
             ... on level 6 of the Dungeon.
             The game lasted 00:05:15 (4975 turns).

AdnanSaban the Shield-Bearer (Gargoyle Fighter)     Turns: 4975, Time: 00:05:18

Health: -2/49      AC: 21    Str: 23    XL:     8   Next: 70%
Magic:  8/8        EV:  6    Int:  8    God:    Okawaru [***...]
Gold:   217        SH: 13    Dex:  9    Spells: 7/7 levels left

rFire   . . .        a - +0 flail
rCold   . . .        r - +0 tower shield
rNeg    + . .        v - +0 chain mail
rPois   ∞            s - +0 helmet
rElec   +            i - +0 cloak
rCorr   .            y - +2 pair of gloves
SInv    .            (no boots)
Will    .....        p - amulet of the acrobat Stlth
                     (no ring)
HPRegen 0.28/turn    (no ring)
MPRegen 0.11/turn

%: acrobat
@: no status effects
A: sickness immunity, AC +5, negative energy resistance 1, electricity
resistance, torment resistance 1, petrification resistance
a: Renounce Religion, Heroism


You were on level 6 of the Dungeon.
You worshipped Okawaru.
Okawaru was most pleased with you.
You visited 1 branch of the dungeon, and saw 6 of its levels.

You collected 217 gold pieces.

Inventory:

Hand Weapons
 a - a +0 flail (weapon)
Missiles
 A - 4 poisoned darts (quivered)
Armour
 i - a +0 cloak (worn)
 r - a +0 tower shield (worn)
 s - a +0 helmet (worn)
 v - a +0 chain mail (worn)
 y - a +2 pair of gloves (worn)
Jewellery
 p - an amulet of the acrobat (around neck)
Wands
 m - a wand of quicksilver (10)
 u - a wand of paralysis (7)
 z - a wand of flame (14)
Scrolls
 b - a scroll of noise {unknown}
 c - a scroll of fog {unknown}
 e - a scroll of enchant armour {unknown}
 g - 5 scrolls of identify {unknown}
 h - 2 scrolls of teleportation {unknown}
 j - 2 scrolls of revelation {unknown}
 o - a scroll of blinking {unknown}
 q - a scroll of poison {unknown}
 t - a scroll of acquirement {unknown}
 C - a scroll of brand weapon {unknown}
 D - a scroll of enchant weapon {unknown}
 E - a scroll of fear {unknown}
Potions
 d - a potion of might
 f - 2 potions of lignification {unknown}
 k - 2 potions of curing {unknown}
 l - a potion of magic {unknown}
 n - 2 potions of heal wounds {unknown}
 w - 2 potions of haste {unknown}
 x - a potion of brilliance {unknown}
 B - a potion of ambrosia {unknown}


   Skills:
 + Level 5.2 Fighting
 + Level 6.4 Maces & Flails
 + Level 5.6 Armour
 + Level 2.4 Dodging
 + Level 6.6 Shields


You had 7 spell levels left.
You didn't know any spells.
Your spell library contained the following spells:

 Spells                   Type           Power      Damage    Failure   Level
 Lesser Beckoning         Tloc           0%         N/A       100%        2
 Gell's Gravitas          Tloc           0%         N/A       100%        3
 Teleport Other           Tloc           0%         N/A       100%        3
 Orb of Destruction       Conj           0%         9d5       100%        7
 Summon Guardian Golem    Hex/Summ       Unusable   N/A       N/A         3
 Spellforged Servitor     Conj/Summ      Unusable   N/A       N/A         7

Dungeon Overview and Level Annotations

Branches:
Dungeon (6/15)
 Temple: D:4-7

Altars:
Ashenzari
Dithmenos
Elyvilon
Fedhas
Kikubaaqudgha
Makhleb
Okawaru
Ru
Zin

Shops:
D:2 ([*?[

Annotations:
D:4 1 runed translucent door, Crazy Yiuf


Innate Abilities, Weirdness & Mutations

You are immune to sickness and miasma.
Your stone body is resilient. (AC +5)
You are immune to poison.
You resist negative energy. (rN+)
You are resistant to electric shocks. (rElec)
You are resistant to unholy torment.
You are immune to petrification.


Message History

The ball of steam misses you.
You closely miss the steam dragon.
The steam dragon is moderately wounded.
You are engulfed in a cloud of scalding steam.
You block the steam dragon's attack. x2
Found a pair of boots.
You block the adder's attack. The steam dragon closely misses you.
The steam dragon barely misses you. The adder attacks as you move away!
The adder bites you but does no damage. The steam dragon bites you.
You block the steam dragon's attack. The adder closely misses you.
You completely miss the steam dragon.
The steam dragon is moderately wounded.
The adder bites you but does no damage. The steam dragon breathes steam at you.
The ball of steam hits you but does no damage.
You sock the steam dragon!
The steam dragon is heavily wounded.
You are engulfed in a cloud of scalding steam.
* * * LOW HITPOINT WARNING * * *
You block the adder's attack. The steam dragon barely misses you.
The steam dragon closely misses you. The adder bites you but does no damage.
The adder attacks as you move away! You block the adder's attack.
The steam dragon bites you but does no damage.
You block the steam dragon's attack.
You barely miss the steam dragon.
The steam dragon is heavily wounded.
You block the adder's attack. The steam dragon bites you.
* * * LOW HITPOINT WARNING * * *
You block the steam dragon's attack. You block the adder's attack.
The steam dragon bites you.
* * * LOW HITPOINT WARNING * * *
The steam dragon barely misses you.
You sock the steam dragon!
The steam dragon is almost dead.
The adder bites you.
* * * LOW HITPOINT WARNING * * *
The steam dragon breathes steam at you. The ball of steam hits you!
You die...

........###.#.#
###.###.....#.### .. .
# #.........# .?...
#........)###.....
......#....(#.........
......#.....#.........
#......##...##.....####
#.......#...#......###
#.......##.##@........
#.###.. #.#.DS.######
####.### #...### +._.
#... .#### ...#. .. #[


You could see a steam dragon (catching breath) and an adder.

Vanquished Creatures
  Eustachio (D:5)
  Menkaure (D:5)
  A water moccasin (D:6)
  An ice beast (D:3)
  2 phantoms
  Blork the orc (D:5)
  3 scorpions
  A howler monkey (D:5)
  An orc priest (D:4)
  4 hounds
  Terence (D:3)
  3 iguanas
  4 orc wizards
  6 adders
  A shadow imp (D:3)
  A white imp (D:5)
  A worm (D:2)
  3 dart slugs
  23 orcs
  9 endoplasms
  6 giant cockroaches
  8 goblins
  11 hobgoblins
  7 jackals
  5 quokkas
  8 ball pythons
  2 bats
  5 frilled lizards
  5 kobolds
  A rat (D:1)
126 creatures vanquished.

Vanquished Creatures (others)
  A human (D:4)
1 creature vanquished.

Grand Total: 127 creatures vanquished

Notes
Turn   | Place    | Note
-------+----------+-------------------------------------------
     0 | D:1      | AdnanSaban the Gargoyle Fighter began the quest for the
                  | Orb.
     0 | D:1      | Reached XP level 1. HP: 14/14 MP: 1/1
    91 | D:1      | Reached XP level 2. HP: 11/19 MP: 2/2
   478 | D:1      | Reached XP level 3. HP: 24/24 MP: 3/3
  1062 | D:2      | Found Egupau's General Store.
  1064 | D:2      | Found Qutimma's Antique Armour Emporium.
  1172 | D:2      | Found Odomeum's Magic Scroll Emporium.
  1251 | D:2      | Found Mybly's Antique Armour Shoppe.
  1259 | D:2      | Reached XP level 4. HP: 29/29 MP: 4/4
  1541 | D:2      | Found Nugaut's Weapon Emporium.
  1910 | D:3      | Noticed Terence
  1917 | D:3      | Killed Terence
  1918 | D:3      | Reached XP level 5. HP: 23/33 MP: 5/5
  2079 | D:3      | Found a glowing silver altar of Zin.
  2081 | D:3      | Found an iron altar of Okawaru.
  2102 | D:3      | Became a worshipper of Warmaster Okawaru
  2231 | D:3      | Noticed an ice beast
  2245 | D:3      | Killed an ice beast
  2246 | D:3      | Reached skill level 1 in Dodging
  2246 | D:3      | Reached XP level 6. HP: 11/38 MP: 6/6
  2367 | D:3      | Reached * piety under Okawaru
  2766 | D:4      | Found a white marble altar of Elyvilon.
  2857 | D:4      | Reached XP level 7. HP: 31/44 MP: 7/7
  2984 | D:4      | Reached skill level 5 in Armour
  3128 | D:4      | Found a blossoming altar of Fedhas.
  3338 | D:4      | Found an ancient bone altar of Kikubaaqudgha.
  3340 | D:4      | Noticed a human
  3341 | D:4      | Killed a human
  3417 | D:4      | Found a sacrificial altar of Ru.
  3451 | D:4      | Found a runed translucent door.
  3452 | D:4      | Noticed Crazy Yiuf
  3638 | D:5      | Entered Level 5 of the Dungeon
  3639 | D:5      | Noticed Eustachio
  3690 | D:5      | Noticed Blork the orc
  3704 | D:5      | Killed Blork the orc
  3705 | D:5      | Reached skill level 5 in Maces & Flails
  3705 | D:5      | Reached skill level 5 in Shields
  3804 | D:5      | Found a shadowy altar of Dithmenos.
  4179 | D:5      | Found a burning altar of Makhleb.
  4376 | D:5      | Killed Eustachio
  4376 | D:5      | Reached ** piety under Okawaru
  4377 | D:5      | Reached XP level 8. HP: 47/48 MP: 8/8
  4490 | D:5      | Noticed Menkaure
  4496 | D:5      | Killed Menkaure
  4497 | D:5      | Reached skill level 5 in Fighting
  4944 | D:6      | Found a broken altar of Ashenzari.
  4961 | D:6      | Reached *** piety under Okawaru
  4975 | D:6      | Killed from afar by a steam dragon

Illustrated notes

Levels and vault maps discovered:
D:1:      evilmike_arrival_crescent, layout_loops_ring
D:2:      minmay_alternating_diamond, layout_basic, serial_shops,
          nicolae_shop_tiny_real_fake_doors, nicolae_shop_tiny_waterfront,
          nicolae_shop_temple_entry_statues_fountains,
          nicolae_shop_real_fake_doors, shop, grunt_decor_junction
D:3:      layout_basic, minitemple, uniq_terence
D:4:      minmay_recursive_quarters, layout_basic, hangedman_ru_absence,
          mainiacjoe_overflow_cross_hatched, tgw_kikubaaqudgha,
          elyvilon_altar_5, minivault_24, uniq_crazy_yiuf_cottage
D:5:      kennysheep_six_static_rooms, layout_cave_pods,
          mainiacjoe_overflow_boulevard, makhleb_heckhound_becter,
          minmay_splitting_lines, uniq_menkaure, uniq_blork_the_orc,
          uniq_eustachio
D:6:      layout_basic, nicolae_ashenzari_panopticon

Skill      XL: |  1  2  3  4  5  6  7  8 |
---------------+-------------------------+-----
Fighting       | 4 5 |  5.2
Maces & Flails | 3 4 5 6 |  6.4
Armour         | 4 5 |  5.6
Dodging        | 1 2 |  2.4
Shields        | 4 5 6 |  6.6

Action                     |  1- 3 |  4- 6 |  7- 9 || total
---------------------------+-------+-------+-------++-------
  Melee: Flail             |   129 |   183 |   241 ||   553
 Armour: Scale mail        |    74 |   123 |    31 ||   228
         Chain mail        |       |       |   138 ||   138
  Dodge: Dodged            |    66 |    86 |   120 ||   272
  Block: Buckler           |    22 |    16 |       ||    38
         Tower shield      |       |   132 |   256 ||   388

Table legend: (Time is in decaauts)
 A = Elapsed time spent in this place.
 B = Non-inter-level travel time spent in this place.
 C = Inter-level travel time spent in this place.
 D = Time resting spent in this place.
 E = Time spent auto-exploring this place.
 F = Levels seen in this place.
 G = Mean time per level.
                   A        B        C        D        E       F      G
               +--------+--------+--------+--------+--------+-----+--------+
         Total |   5188 |   4801 |    387 |      0 |   3552 |   6 |  864.7 |
       Dungeon |   5188 |   4801 |    387 |      0 |   3552 |   6 |  864.7 |
               +--------+--------+--------+--------+--------+-----+--------+

Top non-repeatable levels by time:
     D:5: 1208 daAuts
     D:4: 1099 daAuts
     D:1: 996 daAuts
     D:3: 949 daAuts
     D:2: 854 daAuts
     D:6: 81 daAuts
